 Dungeon Crawl Stone Soup version 0.29.1-15-g9cfb28693d (webtiles) character file.

Game seed: 3543297469684416280

4 Mateodj15 the Conjurer (level 1, 0/9 HPs)
             Began as a Vine Stalker Conjurer on Mar 9, 2023.
             Frozen to death by an endoplasm (1 damage)
             ... on level 1 of the Dungeon.
             The game lasted 00:01:27 (109 turns).

Mateodj15 the Conjurer (Vine Stalker Conjurer)       Turns: 109, Time: 00:01:27

Health: 0/9        AC:  2    Str:  9    XL:     1   Next: 70%
Magic:  0/4        EV: 12    Int: 18    God:
Gold:   0          SH:  0    Dex: 12    Spells: 3/4 levels left

rFire   . . .      SeeInvis .   (no weapon)
rCold   . . .      Faith    .   (no shield)
rNeg    . . .      Spirit   +   a - +0 robe
rPois   .          Reflect  .   (no helmet)
rElec   .          Harm     .   (no cloak)
rCorr   .          Rampage  .   (no gloves)
Will    .....                   (no boots)
Stlth   ++........              (no amulet)
HPRegen 0.03/turn               (no ring)
MPRegen 0.09/turn               (no ring)

@: no status effects
A: fangs 2, magic shield, antimagic bite, no potion heal 2
a: no special abilities


You were on level 1 of the Dungeon.
You visited 1 branch of the dungeon, and saw 1 of its levels.

Inventory:

Armour
 a - a +0 robe (worn)
Scrolls
 c - a scroll of vulnerability {unknown}
Potions
 b - a potion of magic


   Skills:
 + Level 1.5 Dodging
 + Level 2.4 Stealth
 + Level 0.2 Unarmed Combat
 + Level 2.2 Spellcasting
 + Level 4.1 Conjurations


You had 3 spell levels left.
You knew the following spells:

 Your Spells              Type           Power      Damage    Failure   Level
a - Magic Dart            Conj           68%        1d6       3%          1

Your spell library contained the following spells:

 Spells                   Type           Power      Damage    Failure   Level
 Searing Ray              Conj           34%        2d5       4%          2
 Sandblast                Erth           2%         2d4       19%         1
 Dazzling Flash           Conj/Hex       18%        N/A       22%         3
 Stone Arrow              Conj/Erth      18%        3d8       22%         3
 Ensorcelled Hibernation  Hex/Ice        2%         N/A       26%         2
 Passwall                 Tmut/Erth      0%         N/A       26%         2
 Swiftness                Air            1%         N/A       47%         3
 Fulminant Prism          Conj/Hex       4%         3d6       58%         4
 Iskenderun's Mystic Bla  Conj/Tloc      9%         2d4       58%         4


Dungeon Overview and Level Annotations

Branches:
Dungeon (1/15)

Altars:

Shops:
D:1 (


Innate Abilities, Weirdness & Mutations

You have extremely sharp teeth.
When hurt, damage is shared between your health and your magic reserves.
Your bite disrupts and absorbs the magic of your enemies.
Potions cannot restore your health.


Message History

* * * LOW HITPOINT WARNING * * *
You hit the dart slug.
You kill the dart slug!
You see here a dart slug corpse.
You see here a dart slug corpse.
You see here a dart slug corpse.
A dart slug comes into view.
Found a book of Burglary.
Found a scroll labelled OGYR EPSOCK.
Magic restored.
You pick up a book of Burglary and begin reading...
You add the spells Ensorcelled Hibernation and Swiftness to your library.
Found 7 stones.
Found Sinkawkac's Weapon Boutique.
Found a shiny coral ring.
A frilled lizard comes into view.
There is an entrance to Sinkawkac's Weapon Boutique here.
The frilled lizard hisses angrily.
Found 12 gold pieces.
c - a scroll labelled OGYR EPSOCK An endoplasm comes into view.
The endoplasm quivers.
You see here a ring of resist corrosion.
The frilled lizard bites you.
The frilled lizard attacks as you move away!
The frilled lizard closely misses you.
You see here 12 gold pieces.
You hit the frilled lizard.
You kill the frilled lizard!
The endoplasm barely misses you.
You hit the endoplasm but do no damage. You bite the endoplasm.
You drain its power.
You feel invigorated.
The endoplasm is lightly wounded.
The endoplasm freezes you.
You are frozen.
* * * LOW HITPOINT WARNING * * *
You hit the endoplasm. You bite the endoplasm. You drain its power.
You feel invigorated.
The endoplasm is heavily wounded.
The endoplasm freezes you.
You are frozen.
You die...

.. ####.# # #....# ..
#....#. # #..... ..
##...##.#
.....##.......#
.....##.$..#
...l##.@..#
...##.J..######
#..##.........
#..##...######
######......##
#.....∩.....#
#.#....##...#######.
+...##..##...=.J.....
### #........######.


You could see an endoplasm.

Vanquished Creatures
  A dart slug (D:1)
  An endoplasm (D:1)
  A frilled lizard (D:1)
3 creatures vanquished.

Notes
Turn   | Place    | Note
-------+----------+-------------------------------------------
     0 | D:1      | Mateodj15 the Vine Stalker Conjurer began the quest for the
                  | Orb.
     0 | D:1      | Reached XP level 1. HP: 9/9 MP: 4/4
    83 | D:1      | Found Sinkawkac's Weapon Boutique.
   109 | D:1      | Frozen to death by an endoplasm

Illustrated notes

Levels and vault maps discovered:
D:1:      dpeg_arrival_houses_and_road, layout_basic, serial_shops,
          nicolae_square_shop

Action                   || total
-------------------------++-------
Melee: Unarmed           ||    16
       Bite              ||    10
Armor: Robe              ||     1
Dodge: Dodged            ||     7
